 Dungeon Crawl Stone Soup version 0.29-a0-340-g6efceafd81 (webtiles) character file.

Game seed: 13692980961797964598

59 bande the Shield-Bearer (level 4, -3/29 HPs)
             Began as a Gargoyle Fighter on Apr 20, 2022.
             Slain by Sigmund
             ... wielding a +0 scythe
              (7 damage)
             ... on level 3 of the Dungeon.
             The game lasted 00:02:07 (1572 turns).

bande the Shield-Bearer (Gargoyle Fighter)          Turns: 1572, Time: 00:02:07

Health: -3/29      AC: 11    Str: 19    XL:     4   Next: 3%
Magic:  4/4        EV:  9    Int:  9    God:
Gold:   130        SH:  5    Dex: 11    Spells: 3/3 levels left

rFire   . . .      SeeInvis .   a - +1 war axe
rCold   . . .      Faith    .   c - +1 buckler
rNeg    + . .      Spirit   .   b - +0 scale mail
rPois   ∞          Reflect  .   (no helmet)
rElec   +          Harm     .   (no cloak)
rCorr   .          Rampage  .   j - +0 pair of gloves
Will    .....                   (no boots)
Stlth   ..........              (no amulet)
HPRegen 0.09/turn               (no ring)
MPRegen 0.09/turn               (no ring)

@: mighty
A: sickness immunity, AC +3, negative energy resistance 1, electricity
resistance, torment resistance 1, petrification resistance
a: no special abilities


You were on level 3 of the Dungeon.
You visited 1 branch of the dungeon, and saw 3 of its levels.

You collected 130 gold pieces.

Inventory:

Hand Weapons
 a - a +1 war axe (weapon)
Armour
 b - a +0 scale mail (worn)
 c - a +1 buckler (worn)
 j - a +0 pair of gloves (worn)
Scrolls
 k - 3 scrolls of enchant armour
 l - 2 scrolls of teleportation
Potions
 d - 2 potions of might
 e - a potion of lignification {unknown}
 f - a potion of curing {unknown}
 g - a potion of heal wounds {unknown}
 h - a potion of brilliance {unknown}
 i - a potion of invisibility {unknown}


   Skills:
 + Level 3.7 Fighting
 + Level 2.5 Axes
 + Level 3.8 Armour
 + Level 3.9 Shields


You had 3 spell levels left.
You didn't know any spells.
Your spell library contained the following spells:

 Spells                   Type           Power      Damage    Failure   Level
 Corpse Rot               Necr/Air       0%         N/A       93%         2
 Dispel Undead            Necr           0%         3d6       100%        4
 Death Channel            Necr           0%         N/A       100%        6


Dungeon Overview and Level Annotations

Branches:
Dungeon (3/15)

Altars:

Annotations:
D:3 Sigmund


Innate Abilities, Weirdness & Mutations

You are immune to sickness and miasma.
Your stone body is resilient. (AC +3)
You are immune to poison.
You resist negative energy. (rN+)
You are resistant to electric shocks. (rElec)
You are resistant to unholy torment.
You are immune to petrification.


Message History

You slash the kobold!
You kill the kobold!
You have reached level 4!
You feel clever.
Things that are here:
a +0 short sword; 5 stones; a kobold corpse Done exploring.
Done exploring.
You see here 16 stones.
There is a stone staircase leading down here.
You climb downwards.
You hear the sound of rushing water.
There is an entrance to a sewer on this level.
Hurry and find it before the portal rusts away!
The orc shouts!
The orc priest shouts!
Found a stone staircase leading up.
There is a stone staircase leading up here.
You feel very mighty all of a sudden.
Sigmund points at you and mumbles some strange words.
The magic dart hits you but does no damage.
The orc priest mumbles some strange prayers to Beogh against you.
Beogh smites you!
Found a robe.
The orc hits you with a +0 hand axe. The orc hits you but does no damage.
The orc priest looks satisfied for a moment.
You barely miss the orc. You slash the orc!
You kill the orc!
You barely miss the orc priest.
A giant cockroach comes into view.
The orc priest closely misses you. The orc misses you.
The giant cockroach moves out of view.
You closely miss the orc. You slash the orc priest! You block Sigmund's attack.
The orc priest hits you with a +0 club. The orc barely misses you.
You closely miss the orc. You closely miss the orc priest.
The orc priest hits you with a +0 club. The orc hits you with a +0 dagger.
Sigmund hits you from afar with a +0 scythe!
* * * LOW HITPOINT WARNING * * *
The orc priest hits you but does no damage.
You block the orc's attack. Sigmund hits you with a +0 scythe!
You die...

. . # .#..
#####....
####........
#...........
####.oo)<......
#.[....@@...B..
####...........
#<..........
##..........
...........
############


You could see Sigmund, an orc priest, an orc and a giant cockroach.

Vanquished Creatures
  An adder (D:2)
  An orc (D:3)
  6 ball pythons
  4 endoplasms
  3 giant cockroaches
  6 goblins
  6 hobgoblins
  3 jackals (D:1)
  5 kobolds
  A quokka (D:1)
  A bat (D:1)
  A frilled lizard (D:1)
  4 rats
42 creatures vanquished.

Notes
Turn   | Place    | Note
-------+----------+-------------------------------------------
     0 | D:1      | bande the Gargoyle Fighter began the quest for the Orb.
     0 | D:1      | Reached XP level 1. HP: 14/14 MP: 1/1
    77 | D:1      | Reached XP level 2. HP: 19/19 MP: 2/2
   134 | D:1      | Found a faded altar of an unknown god.
   309 | D:1      | Reached XP level 3. HP: 18/23 MP: 3/3
  1507 | D:2      | Reached XP level 4. HP: 29/29 MP: 4/4
  1565 | D:3      | Noticed Sigmund
  1572 | D:3      | Slain by Sigmund

Illustrated notes

Levels and vault maps discovered:
D:1:      minmay_arrival_jagged, layout_rooms,
          chequers_ecumenical_altar_simple_redux
D:2:      layout_rooms, serial_co_window_serial, co_window_paths_b,
          co_window_paths_b, co_window_paths_b, co_window_corner_a,
          co_window_paths_a, co_window_cross_1, co_window_corner_a,
          co_window_corner_a, co_window_corner_a, co_window_paths_c,
          co_window_unsneaky_path_c, co_window_unsneaky_path_d,
          co_window_paths_c, co_window_of_opportunity_c, co_window_corner_cb,
          glass_columns_b, glass_columns_a, glass_columns_a, glass_columns_a,
          glass_columns_a
D:3:      minmay_general_purpose_star, layout_rooms, lightli_sewer_entry_pipes,
          uniq_sigmund

Skill      XL: |  1  2 |
---------------+-------+-----
Axes           | 2 |  2.5
Fighting       | |  3.7
Armour         | |  3.8
Shields        | |  3.9

Action                   |  1- 3 |  4- 6 || total
-------------------------+-------+-------++-------
Melee: War axe           |    99 |     3 ||   102
  Use: Scroll            |     7 |       ||     7
       Potion            |       |     1 ||     1
Armor: Scale mail        |    57 |     3 ||    60
Dodge: Dodged            |    50 |     3 ||    53
Block: Buckler           |    28 |     2 ||    30

Table legend: (Time is in decaauts)
 A = Elapsed time spent in this place.
 B = Non-inter-level travel time spent in this place.
 C = Inter-level travel time spent in this place.
 D = Time resting spent in this place.
 E = Time spent auto-exploring this place.
 F = Levels seen in this place.
 G = Mean time per level.
                   A        B        C        D        E       F      G
               +--------+--------+--------+--------+--------+-----+--------+
         Total |   1615 |   1546 |     69 |      0 |   1249 |   3 |  538.3 |
       Dungeon |   1615 |   1546 |     69 |      0 |   1249 |   3 |  538.3 |
               +--------+--------+--------+--------+--------+-----+--------+

Top non-repeatable levels by time:
     D:2: 827 daAuts
     D:1: 780 daAuts
     D:3: 8 daAuts
